 Dungeon Crawl Stone Soup version 0.31-a0-626-g8143ab4f1d (webtiles) character file.

Game seed: 7146621638382039222

11473 kae the Nimble (level 11, 0/86 HPs)
             Began as a White Draconian Shapeshifter on Aug 24, 2023.
             Was a Believer of Ru.
             Slain by a shadow (19 damage)
             ... on level 11 of the Dungeon.
             The game lasted 00:10:05 (11058 turns).

kae the Nimble (White Draconian Shapeshifter)      Turns: 11058, Time: 00:10:05

Health: 0/86       AC:  9    Str: 18    XL:     11   Next: 49%
Magic:  0/11       EV: 17    Int:  9    God:    Ru [**....]
Gold:   603        SH:  0    Dex: 15    Spells: 10/10 levels left

rFire   . .          .
                       - Unarmed
rCold   + . .        (shield currently unavailable)
rNeg    . . .        (body armour unavailable)
rPois   .            G - +2 hat of the Bear Spirit {Spirit, Bear, *Rage Will++}
rElec   .            (no cloak)
rCorr   .            (no gloves)
SInv    .            (no boots)
Will    ++...        (no amulet)
Stlth   +            L - ring of flight
HPRegen 0.34/turn    (no ring)
MPRegen 0.12/turn

%: random rage (20%), guardian spirit
@: flux-form, on berserk cooldown, flying, slowed, glowing, very slow
A: glow, contaminating, breathe frost, AC +7, unfitting armour, cold resistance
1, cold-blooded, inability to use devices
a: Breathe Frost, Begin Untransformation, Renounce Religion


You were on level 11 of the Dungeon.
You worshipped Ru.
Ru was pleased with you.
You were something dangerously unstable.
You visited 2 branches of the dungeon, and saw 12 of its levels.

You collected 633 gold pieces.
You spent 30 gold pieces at shops.


Innate Abilities, Weirdness & Mutations

You are something dangerously unstable.
You glow with magical radiation, making you easy to see and hit.
Foes you strike become dangerously contaminated with magical radiation.
You are incapable of wielding weapons or throwing items.
You can breathe waves of freezing cold which knock back foes.
Your icy white scales are hard. (AC +7)
You cannot fit into any form of body armour.
Your flesh is cold resistant. (rC+)
You are cold-blooded and may be slowed by cold attacks.
You cannot study or use magical devices.


   Skills:
 - Level 5.0 Fighting
 + Level 10.5 Dodging
 - Level 10.0 Unarmed Combat
 - Level 10.0 Shapeshifting


You had 10 spell levels left.
You didn't know any spells.
Your spell library contained the following spells:

 Spells                   Type           Power      Damage    Failure   Level
 Apportation              Tloc           0%         N/A       38%         1
 Foxfire                  Conj/Fire      0%         2x1d4     38%         1
 Kiss of Death            Conj/Necr      0%         2d5       38%         1
 Magic Dart               Conj           0%         1d3       38%         1
 Necrotise                Necr           0%         1d4       38%         1
 Summon Small Mammal      Summ           0%         N/A       38%         1
 Call Imp                 Summ           0%         N/A       52%         2
 Ensorcelled Hibernation  Hex/Ice        0%         N/A       52%         2
 Passwall                 Tmut/Erth      0%         N/A       52%         2
 Searing Ray              Conj           0%         2d4       52%         2
 Call Canine Familiar     Summ           0%         N/A       77%         3
 Confusing Touch          Hex            0%         N/A       77%         3
 Gell's Gravitas          Tloc           0%         N/A       77%         3
 Mephitic Cloud           Conj/Pois/Air  0%         N/A       77%         3
 Portal Projectile        Hex/Tloc       0%         N/A       77%         3
 Summon Guardian Golem    Hex/Summ       0%         N/A       77%         3
 Swiftness                Air            0%         N/A       77%         3
 Teleport Other           Tloc           0%         N/A       77%         3
 Tukima's Dance           Hex            0%         N/A       77%         3
 Dispel Undead            Necr           0%         3d6       99%         4
 Fulminant Prism          Conj/Hex       0%         3d5       99%         4
 Iskenderun's Mystic Bla  Conj/Tloc      0%         2d3       99%         4
 Passage of Golubria      Tloc           0%         N/A       99%         4
 Summon Ice Beast         Ice/Summ       0%         N/A       99%         4
 Silence                  Hex/Air        0%         N/A       100%        5
 Summon Forest            Summ/Tloc      0%         N/A       100%        5
 Summon Mana Viper        Hex/Summ       0%         N/A       100%        5
 Dispersal                Tloc           0%         N/A       100%        6
 Eringya's Noxious Bog    Tmut/Pois      0%         4d6       100%        6
 Plasma Beam              Fire/Air       0%         2x1d10    100%        6
 Starburst                Conj/Fire      0%         6d3       100%        6
 Monstrous Menagerie      Summ           0%         N/A       100%        7
 Summon Hydra             Summ           0%         N/A       100%        7
 Lehudib's Crystal Spear  Conj/Erth      0%         10d2      100%        8

Inventory:

Missiles
 g - 95 stones
 j - 24 poisoned darts
 y - 8 boomerangs
 C - 2 throwing nets {=f!f}
Armour
 E - a +2 hat
   (You found it on level 9 of the Dungeon)
 G - the +2 hat of the Bear Spirit (worn) {Spirit, Bear, *Rage Will++}
   (You found it on level 9 of the Dungeon)

   Bear:      Going berserk makes the wearer exceptionally tough, and they are
   slowed for a shorter time afterward.
   Will++:    It greatly increases your willpower.
   *Rage:     It berserks you when you make melee attacks (+20% chance).
Magical Staves
 u - a staff of air {!a}
   (You found it on level 5 of the Dungeon)
Jewellery
 F - a ring of fire
   (You took it off a kobold on level 10 of the Dungeon)
 L - a ring of flight (left hand)
   (You took it off a kobold on level 9 of the Dungeon)
Talismans
 b - a beast talisman
 c - a flux talisman (active)
Wands
 p - a wand of roots (4)
   (You took it off Ijyb on level 4 of the Dungeon)
 w - a wand of charming (56)
   (You took it off Maggie on level 6 of the Dungeon)
 x - a wand of mindburst (10)
   (You found it on level 7 of the Dungeon)
 A - a wand of flame (37)
   (You found it on level 7 of the Dungeon)
 D - a wand of polymorph (8)
   (You found it on level 8 of the Dungeon)
Scrolls
 d - 3 scrolls of vulnerability {!r!r}
 i - 5 scrolls of teleportation {@r4}
 l - 4 scrolls of poison {!r}
 B - a scroll of fog
 H - a scroll of enchant weapon
 I - a scroll of identify {@r1}
Potions
 a - a potion of lignification {!q}
 e - 6 potions of curing {@q1}
 f - 4 potions of degeneration {!q}
 h - a potion of cancellation
 k - 3 potions of invisibility
 m - 3 potions of might
 n - a potion of heal wounds {@q2}
 o - 2 potions of mutation {!q}
 q - a potion of brilliance
 r - a potion of magic
 s - a potion of resistance {unknown}
 t - a potion of haste {@q3}
 v - a potion of enlightenment
 z - a potion of ambrosia

Dungeon Overview and Level Annotations

Branches:
Dungeon (11/15) Zot: 26508  Temple (1/1) D:5 Zot: 5957     Orc (0/2) D:11
   Lair: D:8-11

Altars:
Ashenzari
Cheibriados
Dithmenos
Elyvilon
Fedhas
Gozag
Hepliaklqana
Kikubaaqudgha
Makhleb
Nemelex Xobeh
Okawaru
Qazlal
Ru
Sif Muna
Trog
Uskayaw
Vehumet
Wu Jian
Xom
Yredelemnul
Zin
The Shining One

Shops:
D:5 =   D:8 ?

Annotations:
D:5 2 transporters

#..................... .
#.>....†.............. ..
#.....................
...#.................###.
...........#.#........# .
.#.........#.....#..# ..
#>...##(.#......####
...#.##.<.....)....#
..>.....B##...###.....#
...............# ....##
............#..# #....
............#### ....
.......###..#.$# .##
#...... #..)...# .
.....#. #..#†.## .....##
####..... ..... #.......


There were no monsters in sight!


Message History

Your tail-slap misses the wizard.
The wizard hits you but does no damage.
You hit the wizard.
You kill the wizard!
Reactivating autopickup. 😕 HP[+1] Unknown command.
The manticore flicks its tail.
The volley of spikes hits you!
The barbed spikes become lodged in your body.
You focus your inner power and illuminate the manticore in retribution!
Things that are here:
a +0 dagger; a +0 robe; a human corpse; 😕 HP[-11] MP[-1]
You take 11 damage, and now have 159/172 hp.
You lost 1 mp, and now have 10/11 mp.
Okay, then.
Unknown command.
The barbed spikes dig painfully into your body as you move.
You feel a strong urge to attack something. 😕 HP[-3] MP[-1]
You take 3 damage, and now have 156/172 hp.
You lost 1 mp, and now have 9/11 mp.
You start resting.
You feel your anger nearly subside. 😕 HP[+1] Unknown command.
You start resting.
You are no longer berserk.
You are exhausted.
You feel yourself slow down. 😕 HP[-79]
You now have 86 max hp (-86).
The barbed spikes dig painfully into your body as you move.
The manticore bites you! The manticore barely misses you.
The manticore claws you!
Things that are here:
a +0 dagger; a +0 robe; a human corpse; 😮 HP[-15] MP[-2]
You take 15 damage, and now have 63/86 hp.
You lost 2 mp, and now have 7/11 mp.
You hit the manticore.
The manticore begins to glow.
You tail-slap the manticore. The manticore bites you!
The manticore closely misses you.
The manticore completely misses you. 😮 HP[-11] MP[-1]
You take 11 damage, and now have 52/86 hp.
You lost 1 mp, and now have 6/11 mp.
You hit the manticore.
The manticore glows dangerously bright.
You tail-slap the manticore, but do no damage.
The manticore bites you!
* * * LOW HITPOINT WARNING * * *
You focus your inner power and illuminate the manticore in retribution!
The manticore claws you.
* * * LOW HITPOINT WARNING * * *
The manticore claws you but does no damage.
The manticore barely misses you. The manticore misses you.
The manticore claws you.
* * * LOW HITPOINT WARNING * * *
A yak comes into view.
Unknown command. 😨 HP[-17] MP[-2]
You take 17 damage, and now have 35/86 hp.
You lost 2 mp, and now have 4/11 mp.
The yak bellows!
You hit the manticore but do no damage.
The manticore shudders as magic cascades through it!!
The manticore twists and deforms.
You tail-slap the manticore.
You hear an angry buzzing noise.
You hear an angry hiss.
The manticore bites you.
* * * LOW HITPOINT WARNING * * *
The manticore misses you.
The manticore barely misses you. 😨 HP[-3]
You take 3 damage, and now have 32/86 hp.
You hit the manticore.
The manticore begins to glow.
You tail-slap the manticore.
You carefully extract the barbed spikes from your body.
A shadow comes into view.
The manticore bites you!
* * * LOW HITPOINT WARNING * * *
The manticore misses you.
The manticore barely misses you. 😱 HP[-11] MP[-1]
You take 11 damage, and now have 21/86 hp.
You lost 1 mp, and now have 3/11 mp.
You punch the manticore!
The manticore glows dangerously bright.
The manticore bites you.
* * * LOW HITPOINT WARNING * * *
The manticore barely misses you. The manticore misses you. x2
The manticore closely misses you. x2 😱 HP[-5]
You take 5 damage, and now have 16/86 hp.
Unknown command.
You punch the manticore!
You kill the manticore! 😱 HP[+1] Unknown command.
The shadow slips into darkness.
The shadow flickers and vanishes!
Deactivating autopickup; reactivate with Ctrl-A. 😱 HP[+1] 😱 MP[+1] 😱 HP[+1]
The shadow strikes at you from the darkness!
You die...

Skill      XL: |  1  2  3  4  5  6  7  8  9 10 11 |
---------------+----------------------------------+-----
Fighting       | 2 3 4 5 |  5.0
Shapeshifting  | 4 5 6 8 10 | 10.0
Unarmed Combat | 4 5 7 9 10 | 10.0
Dodging        | 8 10 | 10.5

Action                     |  1- 3 |  4- 6 |  7- 9 | 10-12 || total
---------------------------+-------+-------+-------+-------++-------
  Melee: Unarmed           |   100 |   128 |   249 |   280 ||   757
         Tailslap          |    11 |    18 |    54 |    59 ||   142
         Punch             |     5 |     1 |       |       ||     6
 Invoke: Sacrifice Artific |       |       |     1 |       ||     1
         Reject Sacrifices |       |       |       |     1 ||     1
Ability: Breathe Frost     |       |       |    16 |     6 ||    22
    Use: Scroll            |     5 |     1 |    13 |     5 ||    24
         Potion            |       |       |       |     1 ||     1
   Stab: Distracted        |     1 |       |       |       ||     1
 Armour: Skin              |    35 |    34 |    51 |   114 ||   234
  Dodge: Dodged            |    67 |    88 |   116 |   282 ||   553
   Form: Flux              |       |     1 |       |       ||     1

Levels and vault maps discovered:
D:1:      dpeg_arrival_long_road, layout_basic, minmay_tetromino_l2
D:2:      layout_loops_cross, minivault_26
D:3:      layout_loops_corners, minmay_goblin_kobold_house, uniq_natasha,
          uniq_jessica
D:4:      layout_loops_ring, uniq_ijyb
D:5:      layout_basic, mainiacjoe_overflow_catwalk_spiral,
          minmay_temple_entry_statues_pillars, serial_shops,
          nicolae_shop_drivethru, serial_curves, eino_curves_03, eino_curves_03,
          eino_curves_01, st_stairs_3, kennysheep_generic_room_2,
          uniq_blork_the_orc
D:6:      layout_basic, uniq_edmund, uniq_maggie
D:7:      layout_basic, uniq_menkaure
D:8:      layout_loops_ring, serial_park_tiny_2, nicolae_nh_oracle_at_delphi,
          uniq_joseph
D:9:      layout_long_grid, serial_ice, serial_ice_m, serial_ice_f,
          serial_ice_h, serial_ice_d, hangedman_minor_magic
D:10:     layout_roguey, grunt_ministairs_9
D:11:     hangedman_cross_cluster, layout_rooms
Temple:   nicolae_temple_slightly_damp_pantheon

Notes
Turn   | Place    | Note
-------+----------+-------------------------------------------
     0 | D:1      | kae the Draconian Shapeshifter began the quest for the Orb.
     0 | D:1      | Reached XP level 1. HP: 16/16 MP: 1/1
     0 | D:1      | magus.rc [v1.11.3]
   141 | D:1      | You pick up a book of Touch and begin reading...
   141 | D:1      | You add the spells Kiss of Death, Confusing Touch and
                  | Dispel Undead to your library.
   204 | D:1      | Reached XP level 2. HP: 19/23 MP: 2/2
   647 | D:1      | You fall into a shaft and drop 1 floor!
   730 | D:2      | Reached XP level 3. HP: 13/29 MP: 3/3
  1089 | D:2      | You pick up a book of Burglary and begin reading...
  1089 | D:2      | You add the spells Passwall, Ensorcelled Hibernation and
                  | Swiftness to your library.
  1164 | D:2      | Reached skill level 2 in Fighting
  1518 | D:3      | Noticed Natasha
  1525 | D:3      | HP: 6/29 [Natasha (8)]
  1526 | D:3      | HP: 1/29 [cerulean imp/+1 spear[Natasha] (5)]
  1527 | D:3      | Killed Natasha
  1528 | D:3      | Reached XP level 4. HP: 2/37 MP: 4/4
  1529 | D:3      | Reached skill level 4 in Shapeshifting
  1831 | D:3      | Noticed Jessica
  1837 | D:3      | Killed Jessica
  1956 | D:3      | You pick up a book of Callings and begin reading...
  1956 | D:3      | You add the spells Summon Small Mammal, Call Canine
                  | Familiar and Summon Guardian Golem to your library.
  2084 | D:3      | Reached XP level 5. HP: 39/44 MP: 5/5
  2254 | D:3      | You pick up a book of Conjurations and begin reading...
  2254 | D:3      | You add the spells Magic Dart, Searing Ray and Fulminant
                  | Prism to your library.
  2308 | D:3      | You pick up a book of Beasts and begin reading...
  2308 | D:3      | You add the spells Summon Ice Beast, Summon Mana Viper and
                  | Monstrous Menagerie to your library.
  2661 | D:4      | Reached skill level 3 in Fighting
  2661 | D:4      | Reached skill level 4 in Unarmed Combat
  2721 | D:4      | You add the spells Gell's Gravitas, Teleport Other and
                  | Dispersal to your library.
  3029 | D:4      | Noticed Ijyb
  3057 | D:4      | Killed Ijyb
  3278 | D:5      | Entered Level 5 of the Dungeon
  3285 | D:5      | Reached skill level 5 in Shapeshifting
  3285 | D:5      | Reached XP level 6. HP: 41/51 MP: 6/6
  3664 | D:5      | Found a staircase to the Ecumenical Temple.
  3664 | D:5      | Noticed Blork the orc
  3680 | D:5      | Killed Blork the orc
  3681 | D:5      | Reached skill level 4 in Fighting
  3681 | D:5      | Your scales start taking on an icy white colour.
  3681 | D:5      | Reached XP level 7. HP: 41/59 MP: 7/7
  3681 | D:5      | Gained mutation: Your flesh is cold resistant. (rC+) [White
                  | Draconian growth]
  3688 | Temple   | Entered the Ecumenical Temple
  3709 | Temple   | Became a worshipper of Ru the Awakened
  3853 | D:5      | Reached skill level 5 in Unarmed Combat
  3853 | D:5      | Reached skill level 6 in Shapeshifting
  4137 | D:5      | Found an iron altar of Okawaru.
  4272 | D:5      | Found a transporter.
  4276 | D:5      | Found Liragh's Jewellery Shoppe.
  4314 | D:5      | Found a hazy altar of Hepliaklqana.
  4331 | D:5      | Reached skill level 5 in Fighting
  4467 | D:5      | Found a transporter.
  4914 | D:6      | Reached XP level 8. HP: 61/68 MP: 8/8
  5045 | D:6      | Noticed Maggie
  5064 | D:6      | Killed Maggie
  5065 | D:6      | Reached skill level 6 in Unarmed Combat
  5065 | D:6      | Reached skill level 7 in Shapeshifting
  5151 | D:6      | You pick up a book of Cantrips and begin reading...
  5151 | D:6      | You add the spells Necrotise and Apportation to your
                  | library.
  5161 | D:6      | Noticed Edmund
  5188 | D:6      | Killed Edmund
  5384 | D:6      | Reached skill level 8 in Shapeshifting
  5806 | D:6      | Gained mutation: You cannot study or use magical devices.
                  | [Ru sacrifice]
  5806 | D:6      | Reached * piety under Ru
  5806 | D:6      | Reached ** piety under Ru
  5880 | D:7      | Noticed Menkaure
  5887 | D:7      | Killed Menkaure
  5903 | D:7      | Reached skill level 7 in Unarmed Combat
  5903 | D:7      | Reached XP level 9. HP: 39/74 MP: 9/9
  6204 | D:7      | You pick up a book of Weapons and begin reading...
  6204 | D:7      | You add the spells Tukima's Dance, Portal Projectile and
                  | Iskenderun's Mystic Blast to your library.
  6468 | D:7      | Reached skill level 9 in Shapeshifting
  6967 | D:8      | You add the spells Summon Forest, Eringya's Noxious Bog and
                  | Summon Hydra to your library.
  7229 | D:8      | Noticed a two-headed ogre
  7230 | D:8      | Found The Oracle's Delphic Readings.
  7296 | D:8      | Killed a two-headed ogre
  7297 | D:8      | Reached skill level 8 in Unarmed Combat
  7297 | D:8      | Reached skill level 10 in Shapeshifting
  7485 | D:8      | Bought a scroll of identify for 30 gold pieces
  7724 | D:8      | Noticed Joseph
  7741 | D:8      | Killed Joseph
  7952 | D:9      | Reached skill level 9 in Unarmed Combat
  8189 | D:9      | Found the +2 hat of the Bear Spirit {Spirit, Bear, *Rage
                  | Will++}
  8189 | D:9      | Noticed a deep elf pyromancer
  8197 | D:9      | Killed a deep elf pyromancer
  8198 | D:9      | Reached XP level 10. HP: 46/81 MP: 10/10
  8302 | D:9      | Noticed a deep elf zephyrmancer
  8310 | D:9      | You pick up a book of Minor Magic and begin reading...
  8310 | D:9      | You add the spells Call Imp and Mephitic Cloud to your
                  | library.
  8322 | D:9      | Killed a deep elf zephyrmancer
  8323 | D:9      | Reached skill level 10 in Unarmed Combat
  8323 | D:9      | Reached skill level 3 in Dodging
  8338 | D:9      | You pick up a book of Minor Magic and begin reading...
  8483 | D:9      | Reached skill level 4 in Dodging
  8616 | D:9      | Reached skill level 5 in Dodging
  8633 | D:9      | Reached skill level 6 in Dodging
  8690 | D:9      | You pick up a book of Fire and begin reading...
  8690 | D:9      | You add the spells Foxfire, Plasma Beam and Starburst to
                  | your library.
  8817 | D:9      | Noticed a soul eater
  8817 | D:9      | HP: 20/81 [soul eater[a kobold demonologist] (16)]
  9097 | D:9      | Reached skill level 7 in Dodging
  9101 | D:9      | Noticed a sun demon
  9107 | D:9      | HP: 18/81 [sun demon[a kobold demonologist] (13)]
  9107 | D:9      | HP: 8/81 [sun demon[a kobold demonologist] (10)]
  9108 | D:9      | HP: 2/81 [sun demon[a kobold demonologist] (17)]
  9478 | D:9      | HP: 20/81 [poisoned by a killer bee]
  9801 | D:10     | Entered Level 10 of the Dungeon
  9836 | D:10     | Reached skill level 8 in Dodging
  9996 | D:10     | Reached XP level 11. HP: 86/86 MP: 11/11
 10303 | D:10     | You pick up a book of the Moon and begin reading...
 10303 | D:10     | You add the spells Passage of Golubria, Silence and
                  | Lehudib's Crystal Spear to your library.
 10579 | D:11     | Found a staircase to the Orcish Mines.
 10595 | D:11     | Reached skill level 9 in Dodging
 10937 | D:11     | Noticed a boulder beetle
 10958 | D:11     | Killed a boulder beetle
 10959 | D:11     | Reached skill level 10 in Dodging
 11024 | D:11     | Noticed a wizard
 11041 | D:11     | Killed a wizard
 11051 | D:11     | HP: 21/86 [manticore (12)]
 11058 | D:11     | Slain by a shadow

Vanquished Creatures
  A boulder beetle (D:11)
  A two-headed ogre (D:8)
  A wizard (D:11)
  A deep elf zephyrmancer (D:9)
  A deep elf pyromancer (D:9)
  A cyclops (D:11)
  3 manticores (D:11)
  Joseph (D:8)
  A gargoyle (D:11)
  Maggie (D:6)
  2 kobold demonologists (D:9)
  A troll (D:9)
  A shadow (D:10)
  3 wyverns
  5 yaks (D:9)
  An unseen horror simulacrum (D:9)
  Menkaure (D:7)
  3 steam dragons
  Edmund (D:6)
  3 acid dragons
  A water moccasin (D:5)
  A swamp drake (D:9)
  4 ice beasts
  2 ogres (D:5)
  2 centaurs
  Blork the orc (D:5)
  2 bullfrogs
  A kobold brigand (D:10)
  2 scorpions (D:5)
  18 killer bees
  6 howler monkeys
  A crimson imp (D:9)
  5 orc priests
  2 jellies
  A gnoll bouda (D:10)
  5 hounds
  A sleepcap (D:6)
  An iron imp (D:9)
  Jessica (D:3)
  5 iguanas
  8 orc wizards
  Ijyb (D:4)
  Natasha (D:3)
  7 gnolls
  3 adders
  A shadow imp (D:9)
  6 white imps
  A worm (D:3)
  4 dart slugs
  21 orcs
  5 bats
  8 endoplasms
  7 goblins
  5 hobgoblins
  8 jackals (D:2)
  3 quokkas
  6 ball pythons
  20 kobolds
  3 rats
213 creatures vanquished.

Table legend:
 A = Non-vault XP
 B = Vault XP
 C = Vault XP percentage of total XP
 D = Non-vault monster count
 E = Vault monster count
 F = Vault count percentage of total count
                 A         B        C        D         E       F
            +---------+---------+-------+---------+---------+-------
      Total |    9902 |    6488 |  39.6 |     162 |      51 |  23.9
            +---------+---------+-------+---------+---------+-------
        D:1 |      28 |       0 |   0.0 |      16 |       0 |   0.0
        D:2 |      43 |       0 |   0.0 |      21 |       0 |   0.0
        D:3 |      90 |      80 |  47.1 |      12 |       7 |  36.8
        D:4 |      95 |      36 |  27.5 |      11 |       1 |   8.3
        D:5 |     848 |     152 |  15.2 |      16 |       4 |  20.0
        D:6 |     644 |     597 |  48.1 |      14 |       2 |  12.5
        D:7 |     383 |     183 |  32.3 |      10 |       1 |   9.1
        D:8 |     322 |    1401 |  81.3 |       4 |       3 |  42.9
        D:9 |    3375 |    1925 |  36.3 |      28 |      20 |  41.7
       D:10 |    1454 |     258 |  15.1 |      24 |       9 |  27.3
       D:11 |    2620 |    1856 |  41.5 |       6 |       4 |  40.0
            +---------+---------+-------+---------+---------+-------

Skill      XL: |  1  2  3  4  5  6  7  8  9 10 11 |
---------------+----------------------------------+-----
Fighting       | 2 3 4 5 |  5.0
Shapeshifting  | 4 5 6 8 10 | 10.0
Unarmed Combat | 4 5 7 9 10 | 10.0
Dodging        | 8 10 | 10.5

Action                     |  1- 3 |  4- 6 |  7- 9 | 10-12 || total
---------------------------+-------+-------+-------+-------++-------
  Melee: Unarmed           |   100 |   128 |   249 |   280 ||   757
         Tailslap          |    11 |    18 |    54 |    59 ||   142
         Punch             |     5 |     1 |       |       ||     6
 Invoke: Sacrifice Artific |       |       |     1 |       ||     1
         Reject Sacrifices |       |       |       |     1 ||     1
Ability: Breathe Frost     |       |       |    16 |     6 ||    22
    Use: Scroll            |     5 |     1 |    13 |     5 ||    24
         Potion            |       |       |       |     1 ||     1
   Stab: Distracted        |     1 |       |       |       ||     1
 Armour: Skin              |    35 |    34 |    51 |   114 ||   234
  Dodge: Dodged            |    67 |    88 |   116 |   282 ||   553
   Form: Flux              |       |     1 |       |       ||     1

Illustrated notes

Table legend:
 A = Kills in this place as a percentage of kills in the entire game.
 B = Kills by you in this place as a percentage of kills by you in the entire game.
 C = Kills by friends in this place as a percentage of kills by friends in the entire game.
 D = Other kills in this place as a percentage of other kills in the entire game.
 E = Experience gained in this place as a percentage of experience gained in the entire game.
 F = Experience gained in this place divided by the number of levels of this place that you have seen.
                   A       B       C       D       E      F
               +-------+-------+-------+-------+-------+----------------------
         Total | 100.0 | 100.0 |   N/A |   N/A | 100.0 | 1365.8
       Dungeon | 100.0 | 100.0 |   N/A |   N/A | 100.0 | 1490.0
               +-------+-------+-------+-------+-------+----------------------

Table legend: (Time is in decaauts)
 A = Elapsed time spent in this place.
 B = Non-inter-level travel time spent in this place.
 C = Inter-level travel time spent in this place.
 D = Time resting spent in this place.
 E = Time spent auto-exploring this place.
 F = Levels seen in this place.
 G = Mean time per level.
                   A        B        C        D        E       F      G
               +--------+--------+--------+--------+--------+-----+--------+
         Total |  11081 |  10717 |    364 |    739 |   8376 |  12 |  923.4 |
       Dungeon |  11038 |  10715 |    323 |    739 |   8376 |  11 | 1003.5 |
        Temple |     42 |      1 |     41 |      0 |      0 |   1 |   42.0 |
               +--------+--------+--------+--------+--------+-----+--------+

Top non-repeatable levels by time:
     D:9: 1743 daAuts
     D:5: 1537 daAuts
     D:8: 1177 daAuts
     D:3: 1122 daAuts
     D:7: 1072 daAuts
     D:6: 954 daAuts
    D:10: 882 daAuts
     D:4: 790 daAuts
     D:2: 735 daAuts
     D:1: 644 daAuts
    D:11: 378 daAuts
  Temple: 42 daAuts
